 Dungeon Crawl Stone Soup version 0.31.0 (webtiles) character file.

Game seed: 15268640950000508910

389 HakonGodeson the Slasher (level 6, -1/48 HPs)
             Began as a Human Monk on Jan 20, 2024.
             Slain by Menkaure (11 damage)
             ... while paralysed by Ijyb
             ... in the Ecumenical Temple.
             The game lasted 00:06:09 (2469 turns).

HakonGodeson the Slasher (Human Monk)               Turns: 2469, Time: 00:06:09

Health: -1/48      AC: 10    Str: 14    XL:     6   Next: 79%
Magic:  6/6        EV:  2    Int: 16    God:
Gold:   103        SH:  0    Dex: 15    Spells: 5/5 levels left

rFire   . . .        a - +0 falchion
rCold   . . .        d - orb {light}
rNeg    . . .        h - +0 scale mail
rPois   .            (no helmet)
rElec   .            (no cloak)
rCorr   .            (no gloves)
SInv    .            (no boots)
Will    .....        (no amulet)
Stlth   +            k - +6 ring of intelligence
HPRegen 0.28/turn    e - +4 ring of protection
MPRegen 0.10/turn

%: no passive effects
@: paralysed, glowing
A: explore regen
a: no special abilities


You were in the Ecumenical Temple.
You visited 2 branches of the dungeon, and saw 5 of its levels.

You collected 103 gold pieces.

Inventory:

Hand Weapons
 a - a +0 falchion (weapon)
Armour
 b - a +0 robe
 d - an orb of light (worn)
 h - a +0 scale mail (worn)
Jewellery
 e - a +4 ring of protection (right hand)
 k - a +6 ring of intelligence (left hand)
Wands
 j - a wand of iceblast (1)
Scrolls
 f - 2 scrolls of identify
 i - 2 scrolls of fog
 l - a scroll of vulnerability
Potions
 c - a potion of ambrosia
 g - a potion of enlightenment


   Skills:
 * Level 4.0 Fighting
 * Level 4.8 Long Blades
 * Level 3.0 Armour
 * Level 3.6 Dodging
 * Level 2.0 Stealth
 * Level 1.2 Evocations


You had 5 spell levels left.
You didn't know any spells.
Your spell library contained the following spells:

 Spells                   Type           Power      Damage    Failure   Level
 Slow                     Hex            0%         N/A       71%         1
 Confusing Touch          Hex            0%         N/A       97%         3
 Sigil of Binding         Hex            0%         N/A       97%         3
 Vampiric Draining        Necr           0%         2d6       97%         3


Dungeon Overview and Level Annotations

Branches:
Dungeon (5/15)             Temple (1/1) D:5

Altars:
Ashenzari
Cheibriados
Dithmenos
Elyvilon
Gozag
Kikubaaqudgha
Makhleb
Nemelex Xobeh
Okawaru
Qazlal
Ru
Sif Muna
Trog
Uskayaw
Wu Jian
Yredelemnul
The Shining One

Shops:
D:1 [:::

Annotations:
D:4 3 runed translucent doors, Sweeb's ghost, amateur OpCj
Temple Ijyb; Menkaure


Innate Abilities, Weirdness & Mutations

You regain HP and MP as you explore.


Message History

Found 5 gold pieces.
A white imp comes into view.
The white imp shouts, "Embrace thy dedition, thou surly saucy flirt-gill!"
Ijyb zaps a wand.
You resist with some effort.
Found a scroll labelled MIFU COGIT VESOF.
There is a staircase to the Ecumenical Temple here.
Menkaure grins.
Menkaure barely misses you. Menkaure misses you.
Ijyb hits you but does no damage. The white imp gestures at you.
The puff of frost hits you but does no damage.
You climb downwards.
Welcome to the Ecumenical Temple!
Found three altars.
Found a staircase back to the Dungeon.
There is a staircase back to the Dungeon here.
Okay, then.
Aiming: Iceblast
Press: ? - help, Shift-Dir - straight line The mass of ice explodes!
The iceblast engulfs Menkaure!
Menkaure partially resists.
Menkaure is moderately damaged.
Menkaure forgets how to speak, silenced by the ages.
Menkaure points at you and mumbles some strange words.
Pain shoots through your body! Ijyb hits you but does no damage.
Aiming: Iceblast
Press: ? - help, Shift-Dir - straight line The mass of ice explodes!
The iceblast engulfs Menkaure.
Menkaure partially resists.
Menkaure is heavily damaged.
Menkaure hits you!
Ijyb zaps a wand.
You suddenly lose the ability to move!
Menkaure hits you!
* * * LOW HITPOINT WARNING * * *
Ijyb zaps a wand.
You resist with some effort. Menkaure casts a spell at you.
Pain shoots through your body!
* * * LOW HITPOINT WARNING * * *
Ijyb hits you but does no damage. Menkaure hits you but does no damage.
Ijyb hits you but does no damage. Menkaure hits you but does no damage.
Menkaure hits you!
You die...

### ####### #######@#######
#######
##.....###......Mg.....###.....##
#..._...####.........####..._...#
.........####._..._.####.........
..........# #.......# #..........
..........# ##.._..## #..........
._........# ##.....## #........_.
..........###...#...###..........
..............#####..............


You could see Ijyb and Menkaure (fast).

Vanquished Creatures
  A black bear (D:4)
  2 scorpions (D:4)
  A bombardier beetle (D:4)
  A hound (D:4)
  A sleepcap (D:4)
  6 adders
  2 ribbon worms (D:2)
  An orc (D:4)
  2 endoplasms (D:4)
  A giant cockroach (D:2)
  A goblin (D:4)
  5 hobgoblins
  7 jackals
  A quokka (D:1)
  3 ball pythons
  4 bats
  3 kobolds
  A rat (D:2)
43 creatures vanquished.

Notes
Turn   | Place    | Note
-------+----------+-------------------------------------------
     0 | D:1      | HakonGodeson the Human Monk began the quest for the Orb.
     0 | D:1      | Reached XP level 1. HP: 18/18 MP: 1/1
   295 | D:1      | Found Raffamy's Armour Shop.
   308 | D:1      | Found Puts's Book Shop.
   675 | D:1      | Found Attih's Book Shop.
   716 | D:1      | Found Dionk's Book Boutique.
  1086 | D:2      | Reached XP level 2. HP: 24/24 MP: 2/2
  1188 | D:2      | Reached XP level 3. HP: 28/29 MP: 3/3
  1329 | D:2      | You fall into a shaft and drop 2 floors!
  1403 | D:4      | Reached skill level 1 in Armour
  1411 | D:4      | Found a runed translucent gate.
  1412 | D:4      | Found a runed translucent gate.
  1414 | D:4      | Found a runed translucent gate.
  1416 | D:4      | Noticed Sweeb's ghost (amateur OpCj)
  1433 | D:4      | Reached XP level 4. HP: 32/35 MP: 4/4
  1448 | D:4      | Reached skill level 1 in Stealth
  1510 | D:4      | Noticed a scorpion
  1526 | D:4      | Killed a scorpion
  1527 | D:4      | Reached XP level 5. HP: 20/42 MP: 5/5
  1695 | D:4      | Noticed a black bear
  1701 | D:4      | Killed a black bear
  1702 | D:4      | Reached skill level 1 in Evocations
  1702 | D:4      | Reached XP level 6. HP: 39/48 MP: 6/6
  1746 | D:4      | Found an ornate altar of the Wu Jian Council.
  2427 | D:5      | Entered Level 5 of the Dungeon
  2453 | D:5      | Found a staircase to the Ecumenical Temple.
  2457 | D:5      | Noticed Menkaure
  2458 | D:5      | Noticed Ijyb
  2463 | Temple   | Entered the Ecumenical Temple
  2465 | Temple   | Paralysed by Ijyb for 5 turns
  2469 | Temple   | Slain by Menkaure

Illustrated notes

Levels and vault maps discovered:
D:1:      wander_arrival_estate, layout_loops_corners, serial_shops,
          nicolae_shop_advertising_works [nicolae_subvault_shop_adworks],
          nicolae_shop_trees, nicolae_square_shop, shop
D:2:      minmay_alternating_diamond, layout_loops_ring
D:4:      layout_basic, nicolae_wu_jian_wuxing_cycle, gammafunk_ghost_split
D:5:      layout_basic, minmay_temple_entry_purple_smoke, serial_curves,
          eino_curves_02, eino_curves_04, nicolae_nh_oracle_at_delphi,
          uniq_menkaure, uniq_ijyb
Temple:   kb_temple_of_zot

Skill      XL: |  1  2  3  4  5  6 |
---------------+-------------------+-----
Armour         | 1 2 3 |  3.0
Stealth        | 1 2 |  2.0
Long Blades    | 4 |  4.8
Evocations     | 1 |  1.2
Fighting       | 4 |  4.0
Dodging        | |  3.6

Action                     |  1- 3 |  4- 6 || total
---------------------------+-------+-------++-------
  Melee: Falchion          |    96 |    82 ||   178
  Evoke: Wand              |       |     3 ||     3
    Use: Scroll            |     5 |     1 ||     6
 Armour: Scale mail        |    76 |    80 ||   156
         Robe              |     7 |       ||     7
  Dodge: Dodged            |    63 |    52 ||   115
